 Dungeon Crawl Stone Soup version 0.29.0-13-gc9e81de378 (webtiles) character file.

Game seed: 6629198411096900712

11 SnakkuSnakku7 the Grasshopper (level 2, 0/26 HPs)
             Began as a Naga Warper on Sept 9, 2022.
             Slain by a goblin
             ... wielding a +0 club
              (3 damage)
             ... on level 1 of the Dungeon.
             The game lasted 00:01:05 (516 turns).

SnakkuSnakku7 the Grasshopper (Naga Warper)          Turns: 516, Time: 00:01:06

Health: 0/26       AC:  2    Str: 13    XL:     2   Next: 25%
Magic:  5/5        EV:  9    Int: 13    God:
Gold:   33         SH:  0    Dex: 10    Spells: 5/5 levels left

rFire   . . .      SeeInvis +   a - +0 hand axe
rCold   . . .      Faith    .   (no shield)
rNeg    . . .      Spirit   .   b - +0 leather armour
rPois   +          Reflect  .   (no helmet)
rElec   .          Harm     .   (no cloak)
rCorr   .          Rampage  .   (no gloves)
Will    .....                   (no barding)
Stlth   +.........              (no amulet)
HPRegen 0.08/turn               (no ring)
MPRegen 0.09/turn               (no ring)

@: very slow
A: AC +0, large, see invisible, deformed body, poison resistance, slowness 2,
spit poison 1, naga tail 1
a: Spit Poison


You were on level 1 of the Dungeon.
You visited 1 branch of the dungeon, and saw 1 of its levels.

You collected 33 gold pieces.

Inventory:

Hand Weapons
 a - a +0 hand axe (weapon)
Missiles
 d - 6 boomerangs of dispersal
Armour
 b - a +0 leather armour (worn)
Scrolls
 c - a scroll of blinking
Potions
 e - 2 potions of berserk rage {unknown}


   Skills:
 - Level 2.0 Fighting
 + Level 2.9 Axes
 - Level 0.8 Throwing
 - Level 0.7 Armour
 - Level 1.5 Dodging
 - Level 2.0 Spellcasting
 - Level 3.0 Translocations


You had 5 spell levels left.
You didn't know any spells.
Your spell library contained the following spells:

 Spells                   Type           Power      Damage    Failure   Level
 Blink                    Tloc           18%        N/A       14%         2
 Gell's Gravitas          Tloc           9%         N/A       28%         3
 Lesser Beckoning         Tloc           9%         N/A       28%         3
 Teleport Other           Tloc           9%         N/A       28%         3
 Sublimation of Blood     Necr           1%         N/A       43%         2
 Wereblood                Tmut           1%         N/A       43%         2
 Manifold Assault         Tloc           9%         N/A       95%         5
 Summon Hydra             Summ           0%         N/A       100%        7


Dungeon Overview and Level Annotations

Branches:
Dungeon (1/15)

Altars:


Innate Abilities, Weirdness & Mutations

Your serpentine skin is tough. (AC +0)
You have supernaturally acute eyesight. (SInv)
Armour fits poorly on your strangely shaped body.
Your system is resistant to poisons. (rPois)
You cover ground very slowly.
You can spit poison.
You have a snake-like lower body.


Message History

You miss the bat. The bat hits you but does no damage.
You hit the bat.
The bat is severely wounded.
The bat hits you but does no damage. The bat misses you.
You miss the bat.
The bat is severely wounded.
The bat closely misses you. x2
You slash the bat!
You kill the bat!
No target in view!
No target in view!
You see here a bat corpse.
You now have 19 gold pieces (gained 8).
e - 2 coppery potions You now have 33 gold pieces (gained 14).
A goblin comes into view. It is wielding a +0 dagger.
The goblin shouts!
You hear a shout!
A goblin is nearby!
Found a hand axe.
The goblin hits you with a +0 dagger.
You barely miss the goblin. The goblin barely misses you.
The goblin hits you with a +0 dagger.
You barely miss the goblin. The goblin hits you with a +0 dagger.
You hit the goblin.
The goblin is severely wounded.
The goblin hits you with a +0 dagger.
You hit the goblin.
You kill the goblin!
You see here a +0 dagger.
A goblin comes into view. It is wielding a +0 club.
A goblin is nearby!
The goblin closely misses you. The goblin hits you with a +0 club.
You closely miss the goblin. The goblin barely misses you.
You barely miss the goblin. The goblin hits you with a +0 club.
You barely miss the goblin. The goblin hits you with a +0 club.
You barely miss the goblin. The goblin hits you with a +0 club.
* * * LOW HITPOINT WARNING * * *
The goblin hits you with a +0 club.
* * * LOW HITPOINT WARNING * * *
You closely miss the goblin. The goblin hits you with a +0 club.
You die...

#.. #.#
########.#
#..
.........#
#.#
#######..#
###.# #(.#
...## #..#
... #..#
#g# #..#
#@# #..#
#.# #..#
###.# #...
#.####...#
#.##
#.)..)..#
#.##
#.####.#.#
#.## #.#.#
#... #.#.#
#### #.#.#
#


You could see a goblin.

Vanquished Creatures
  3 bats (D:1)
  An endoplasm (D:1)
  A kobold (D:1)
  2 quokkas (D:1)
  2 goblins (D:1)
9 creatures vanquished.

Notes
Turn   | Place    | Note
-------+----------+-------------------------------------------
     0 | D:1      | SnakkuSnakku7 the Naga Warper began the quest for the Orb.
     0 | D:1      | Reached XP level 1. HP: 19/19 MP: 3/3
   388 | D:1      | Reached XP level 2. HP: 23/26 MP: 5/5
   516 | D:1      | Slain by a goblin

Illustrated notes

Levels and vault maps discovered:
D:1:      amcnicky_arrival_blooded_trapdoor, layout_loops_ring,
          minmay_pentomino_q2

Action                   || total
-------------------------++-------
Melee: Hand axe          ||    32
       Punch             ||     1
Throw: Boomerang         ||     1
 Abil: Spit Poison       ||     1
Armor: Leather armour    ||    10
Dodge: Dodged            ||    24
